 Dungeon Crawl Stone Soup version 0.17-a0-1596-g1e86911 (webtiles) character file.

10385 Oddball22 the Summoner (level 11, -1/67 HPs)
             Began as a Demonspawn Summoner on July 30, 2015.
             Was an Elder of Sif Muna.
             Killed from afar by a lindwurm (13 damage)
             ... with a blast of flame
             ... on level 1 of the Lair of Beasts.
             The game lasted 01:43:57 (14556 turns).

Oddball22 the Summoner (Demonspawn Summoner)       Turns: 14556, Time: 01:43:57

Health: -1/67      AC: 14    Str:  6 (8)  XL:     11   Next: 35%
Magic:  0/23       EV: 14    Int: 18      God:    Sif Muna [****..]
Gold:   450        SH:  0    Dex: 16      Spells: 6 memorised, 2 levels left

rFire  . . .     SeeInvis .     R - +0 halberd (chop)
rCold  . . .     Clarity  .     a - +0 robe
rNeg   . . .     SustAt   .     (no shield)
rPois  .         Gourm    .     (helmet restricted)
rElec  .         Spirit   +     w - +2 cloak
rCorr  .         Warding  .     (no gloves)
rMut   .         Stasis   .     M - +0 pair of boots
MR     +....                    Y - amulet of guardian spirit
Stlth  ++........               P - ring of protection from magic
                                c - +5 ring of protection

@: somewhat resistant to hostile enchantments, unstealthy
A: antennae 1, yellow scales 2, frail 1, powered by pain 1, spiny 2
a: Channel Energy, Forget Spell, Renounce Religion


You were on level 1 of the Lair of Beasts.
You worshipped Sif Muna.
Sif Muna was greatly pleased with you.
You were not hungry.

You visited 3 branches of the dungeon, and saw 13 of its levels.
You also visited: Ossuary.

You collected 450 gold pieces.

Inventory:

Hand weapons
 R - a +0 halberd of chopping (weapon)
Armour
 a - a +0 robe (worn)
 w - a +2 cloak (worn)
 M - a +0 pair of boots (worn)
Magical staves
 F - an uncursed staff of fire
Rods
 r - a -1 rod of destruction (13/13)
   (You found it on level 2 of the Dungeon)
Jewellery
 c - a +5 ring of protection (left hand)
 d - an uncursed ring of protection from fire
 P - a ring of protection from magic (right hand)
 U - an uncursed amulet of faith
 Y - an amulet of guardian spirit (around neck)
Magical devices
 p - a wand of hasting (4)
 T - a wand of flame (48)
 X - a wand of draining (5)
Scrolls
 k - 3 scrolls of teleportation
 l - 6 scrolls of remove curse
 m - 2 scrolls of brand weapon {unknown}
 q - a scroll of amnesia {unknown}
 x - 4 scrolls of recharging
 y - a scroll of fear {unknown}
 B - a scroll of vulnerability {unknown}
 D - a scroll of magic mapping {unknown}
 K - a scroll of holy word {unknown}
 L - 2 scrolls of identify
 N - a scroll of torment {unknown}
 S - 2 scrolls of fog {unknown}
Potions
 e - 3 potions of lignification {unknown}
 f - a potion of cure mutation {unknown}
 h - a potion of might {unknown}
 i - 2 potions of flight {unknown}
 j - 3 potions of magic {unknown}
 n - 3 potions of heal wounds
 s - 7 potions of curing
 A - a potion of beneficial mutation {unknown}
 H - 3 potions of haste
 I - a potion of brilliance {unknown}
 J - 3 potions of mutation
 V - 2 potions of ambrosia
 W - 3 potions of agility
 Z - a potion of invisibility {unknown}
Books
 b - a book of Callings

   Spells                             Type                      Level
   a - Summon Small Mammal            Summoning                    1
   b - Call Imp                       Summoning                    2
   c - Call Canine Familiar           Summoning                    3
   d - Summon Guardian Golem          Hexes/Summoning              3
   e - Summon Lightning Spire         Summoning/Air                4
   f - Summon Ice Beast               Ice/Summoning                4
 u - a Necronomicon

   Spells                             Type                      Level
   a - Haunt                          Necromancy/Summoning         7
   b - Borgnjor's Revivification      Necromancy                   8
   c - Death's Door                   Charms/Necromancy            8
   d - Necromutation                  Transmutation/Necromancy     8
 G - a Grand Grimoire

   Spells                             Type                      Level
   a - Monstrous Menagerie            Summoning                    6
   b - Summon Greater Demon           Summoning                    7
   c - Malign Gateway                 Summoning/Translocation      7
   d - Summon Horrible Things         Summoning                    8
 O - Sif Muna's Incunabulum of the Escort
   (Sif Muna gifted it to you on level 11 of the Dungeon)

   Spells                             Type                      Level
   a - Summon Butterflies             Summoning                    1
   b - Summon Small Mammal            Summoning                    1
   c - Summon Guardian Golem          Hexes/Summoning              3
   d - Shadow Creatures               Summoning                    5
   e - Summon Horrible Things         Summoning                    8
Miscellaneous
 t - a crystal ball of energy
 C - an ornate deck of defence
Comestibles
 g - a slice of pizza
 o - 8 meat rations
 z - 4 fruits
 E - 5 beef jerkies
 Q - 3 royal jellies


   Skills:
 - Level 3.2 Fighting
 - Level 4.2 Dodging
 - Level 1.7 Stealth
 * Level 8.9 Spellcasting
 - Level 4.9 Hexes
 + Level 11.4 Summonings
 - Level 5.0 Ice Magic
 - Level 3.1 Air Magic
 - Level 3.1 Invocations
 - Level 3.1 Evocations


You had 2 spell levels left.
You knew the following spells:

 Your Spells              Type           Power        Failure   Level  Hunger
a - Monstrous Menagerie   Summ           #####.....   14%         6    ######.
b - Shadow Creatures      Summ           N/A          2%          5    #####..
c - Call Canine Familiar  Summ           #####...     1%          3    None
d - Summon Guardian Gole  Hex/Summ       #####...     1%          3    None
e - Summon Ice Beast      Ice/Summ       #####...     3%          4    ###....
f - Summon Lightning Spi  Summ/Air       ####....     4%          4    ###....


Dungeon Overview and Level Annotations

Branches:
Dungeon (11/15)            Temple (1/1) D:5            Lair (1/8) D:8
    Orc: D:9-12

Altars:
Ashenzari
Cheibriados
Dithmenos
Fedhas
Kikubaaqudgha
Makhleb
Nemelex Xobeh
Okawaru
Qazlal
Ru
Sif Muna
Trog
Xom
Yredelemnul
The Shining One

Shops:
D:5 }   D:11 =%*

Portals:
Volcano: Lair:1

Annotations:
D:8 exclusion: ice beast
D:9 Urug


Innate Abilities, Weirdness & Mutations

You have a pair of small antennae on your head.
You are mostly covered in yellow scales (AC +3).
You sometimes gain a little power by taking damage.
You are mostly covered in sharp spines.
You are frail (-10% HP).


Message History

The lindwurm claws your wolf. x2
Your wolf dies!
Your wolf's corpse disappears in a puff of smoke!
Casting: Summon Ice Beast
Confirm with . or Enter, or press ? or * to list all spells.
A chill wind blows around you. The lindwurm bites your ice beast.
The lindwurm claws your ice beast. The lindwurm claws your ice beast!
Casting: Summon Ice Beast
Confirm with . or Enter, or press ? or * to list all spells.
A chill wind blows around you. The lindwurm breathes flames at you.
The blast of flame hits your ice beast.
Your ice beast melts!
Your ice beast dies!
The blast of flame hits you!
* * * LOW HITPOINT WARNING * * *
You focus on the pain.
You feel your power returning. The lindwurm breathes flames at you.
The blast of flame hits you!
You die...

##.....#### ##.#####.#
#...##.# #.# ##
######## ### #####
#########
###...#######.......##
#...#.......F..≈≈≈≈.∩#
#...#≈≈§≈..≈§≈≈≈..≈≈≈#
#...#...≈≈≈≈.Y.k.....#
#h#...#....Y@..######
#.########.#####
#{#### ### #Y#..# .
#.Y..####### #.
##.#.##.#..### .
###...Y....P# ##.
#######...# #.+######
#######'####..........


You could see a lindwurm, a giant frog and 2 friendly ice beasts.

Vanquished Creatures
  A centaur warrior (D:11)
  A wizard (D:11)
  The ghost of FIQ the Chopper, an experienced DDBe of Trog (D:5)
  The ghost of Tyryt0 the Slasher, an experienced MiGl (D:8)
  A two-headed ogre (D:10)
  Sigmund (D:2)
  A hippogriff (D:7)
  2 yaks
  2 water moccasins (Lair:1)
  A phantom (D:10)
  An orc warrior (D:7)
  An ogre (D:7)
  A sky beast (D:7)
  2 black bears (D:6)
  A centaur (D:11)
  A giant frog (D:7)
  A big kobold (D:9)
  A wyvern skeleton (D:7)
  2 killer bees (D:7)
  3 scorpions
  3 wights
  3 crimson imps
  2 vampire bats (D:6)
  2 hounds (D:9)
  A centaur zombie (D:10)
  An orc priest (D:11)
  Crazy Yiuf (D:3)
  Ijyb (D:3)
  A giant frog skeleton (D:8)
  7 worker ants
  2 jellies
  6 sheep (Lair:1)
  A big kobold zombie (Ossuary)
  A hound zombie (D:6)
  A hound skeleton (D:5)
  A gnoll (D:2)
  8 adders
  A shadow imp (D:10)
  2 oozes
  4 giant geckos
  15 orcs
  7 bats
  2 bat skeletons (D:6)
  3 bat zombies (D:6)
  4 giant cockroaches
  4 hobgoblins
  8 kobolds
  A quokka (D:11)
  10 giant newts
  10 goblins
  A goblin zombie (Ossuary)
  A hobgoblin zombie (Ossuary)
  6 jackals
  2 kobold zombies (Ossuary)
  9 rats
158 creatures vanquished.

Vanquished Creatures (collateral kills)
  An unseen horror (D:11)
  2 hill giants
  A cyclops (D:11)
  An ugly thing (D:11)
  A spiny frog (Lair:1)
  A two-headed ogre (D:10)
  3 trolls
  A trapdoor spider (D:10)
  A deep elf mage (D:9)
  A shadow (D:11)
  8 yaks
  2 hungry ghosts (D:11)
  A water moccasin (Lair:1)
  A porcupine (Lair:1)
  2 necrophages
  2 black bears
  4 orc warriors
  2 centaurs
  A crocodile (D:10)
  2 ogres
  Blork the orc (D:6)
  2 big kobolds
  5 giant frogs
  2 wyvern skeletons
  5 killer bees
  2 scorpions
  3 wights (D:9)
  A jelly (D:11)
  2 crimson imps
  A giant frog zombie (D:9)
  3 hounds
  3 orc priests (D:11)
  4 centaur zombies
  A giant frog skeleton (D:4)
  2 iguanas
  5 orc wizards
  3 worker ants
  10 sheep (Lair:1)
  A hound zombie (D:8)
  A hound skeleton (D:8)
  5 mummies (Ossuary)
  Robin (D:2)
  8 adders
  3 gnolls (D:2)
  A shadow imp (D:11)
  4 worms
  2 giant geckos
  14 orcs
  3 bats (D:1)
  2 hobgoblins
  10 kobolds
  A quokka (D:10)
  A giant newt (D:4)
  6 goblins
  4 jackals
  A jackal zombie (D:7)
  2 rats (D:1)
  A spectral orc (D:8)
164 creatures vanquished.

Vanquished Creatures (others)
  A catoblepas (D:11)
  An unseen horror (D:10)
  A gargoyle (D:11)
  A hippogriff (D:7)
  An orc warrior (D:11)
  A centaur (D:9)
  A killer bee (D:11)
7 creatures vanquished.

Grand Total: 329 creatures vanquished

Notes
Turn   | Place    | Note
--------------------------------------------------------------
     0 | D:1      | Oddball22 the Demonspawn Summoner began the quest for the Orb.
     0 | D:1      | Reached XP level 1. HP: 13/13 MP: 3/3
   387 | D:1      | Reached skill level 1 in Fighting
   605 | D:1      | Gained mutation: You sometimes gain a little power by taking damage. [demonic ancestry]
   605 | D:1      | Reached XP level 2. HP: 16/21 MP: 0/5
   817 | D:1      | Learned a level 2 spell: Call Imp
  1333 | D:1      | Gained mutation: You are partially covered in sharp spines. [demonic ancestry]
  1333 | D:1      | Reached XP level 3. HP: 27/27 MP: 6/6
  1576 | D:2      | Identified a -1 rod of destruction (13/13) (You found it on level 2 of the Dungeon)
  1577 | D:2      | Noticed Sigmund
  1601 | D:2      | Learned a level 3 spell: Call Canine Familiar
  1983 | D:3      | Reached XP level 4. HP: 34/34 MP: 4/7
  2057 | D:3      | Noticed Ijyb
  2072 | D:3      | Killed Ijyb
  2072 | D:3      | Reached skill level 1 in Evocations
  2396 | D:3      | Noticed Crazy Yiuf
  2399 | D:3      | Killed Crazy Yiuf
  2399 | D:3      | Gained mutation: You are partially covered in yellow scales (AC +2). [demonic ancestry]
  2399 | D:3      | Reached XP level 5. HP: 40/40 MP: 8/8
  2689 | D:2      | Killed Sigmund
  2689 | D:2      | Reached XP level 6. HP: 46/46 MP: 5/10
  2772 | D:2      | Noticed Robin
  2791 | D:2      | Killed Robin
  3453 | D:4      | Learned a level 3 spell: Summon Guardian Golem
  3855 | D:4      | Found a bloodstained altar of Trog.
  3855 | D:4      | Found a burning altar of Makhleb.
  3971 | D:5      | Entered Level 5 of the Dungeon
  4061 | D:5      | Found a snail-covered altar of Cheibriados.
  4076 | D:5      | Noticed FIQ's ghost (experienced DDBe)
  4131 | D:5      | Found a shadowy altar of Dithmenos.
  4226 | D:5      | Reached skill level 5 in Summonings
  4284 | D:5      | Found a staircase to the Ecumenical Temple.
  4293 | Temple   | Entered the Ecumenical Temple
  4312 | Temple   | Became a worshipper of Sif Muna the Loreminder
  4589 | D:5      | Reached XP level 7. HP: 51/51 MP: 8/12
  4701 | D:5      | Found Wiate's Quality Used Wands.
  5164 | D:5      | Killed FIQ's ghost
  5164 | D:5      | Acquired Sif Muna's first power
  5164 | D:5      | Reached skill level 6 in Summonings
  5282 | D:6      | Learned a level 4 spell: Summon Ice Beast
  5521 | D:6      | Reached skill level 1 in Hexes
  5521 | D:6      | Reached skill level 7 in Summonings
  5521 | D:6      | Gained mutation: You have a pair of small antennae on your head. [demonic ancestry]
  5521 | D:6      | Reached XP level 8. HP: 42/57 MP: 10/15
  5600 | D:6      | Noticed Blork the orc
  5615 | D:6      | Killed Blork the orc
  6209 | D:6      | Acquired Sif Muna's second power
  6209 | D:6      | Reached skill level 5 in Spellcasting
  6340 | D:6      | Found an ancient bone altar of Kikubaaqudgha.
  6702 | D:7      | Reached skill level 8 in Summonings
  6755 | D:7      | Reached skill level 1 in Ice Magic
  7428 | D:7      | Gained mutation: You are mostly covered in sharp spines. [demonic ancestry]
  7428 | D:7      | Reached XP level 9. HP: 58/62 MP: 13/17
  7555 | D:7      | Learned a level 4 spell: Summon Lightning Spire
  8358 | D:7      | Reached skill level 9 in Summonings
  8495 | D:8      | Noticed Tyryt0's ghost (experienced MiGl)
  8503 | D:8      | Killed Tyryt0's ghost
  8608 | D:8      | Found a sand-covered staircase.
  8617 | Ossuary  | Entered an ossuary
  8858 | D:8      | Found a basalt altar of Yredelemnul.
  8964 | D:8      | Acquired Sif Muna's third power
  8974 | D:8      | Found a staircase to the Lair.
  9335 | D:9      | Found a shattered altar of Ashenzari.
  9428 | D:9      | Reached skill level 10 in Summonings
  9599 | D:9      | Gained mutation: You are mostly covered in yellow scales (AC +3). [demonic ancestry]
  9599 | D:9      | Reached XP level 10. HP: 53/69 MP: 8/19
  9797 | D:9      | Learned a level 6 spell: Monstrous Menagerie
 10066 | D:9      | Reached skill level 1 in Invocations
 10375 | D:10     | Entered Level 10 of the Dungeon
 10375 | D:10     | Noticed Urug
 10388 | D:10     | Killed an unseen horror
 10388 | D:10     | Reached skill level 1 in Air Magic
 10877 | D:10     | Noticed a hill giant
 10890 | D:10     | Killed a hill giant
 11081 | D:10     | Found a sparkling altar of Nemelex Xobeh.
 11152 | D:10     | Reached skill level 5 in Ice Magic
 11932 | D:11     | Noticed a wizard
 11955 | D:11     | Killed a wizard
 11955 | D:11     | Received a gift from Sif Muna
 11956 | D:11     | Identified Sif Muna's Incunabulum of the Escort (Sif Muna gifted it to you on level 11 of the Dungeon)
 12149 | D:11     | Killed an unseen horror
 12617 | D:11     | Reached XP level 11. HP: 70/75 MP: 13/22
 12720 | D:11     | Noticed a catoblepas
 12720 | D:11     | Noticed a centaur warrior
 12728 | D:11     | Gained mutation: Your muscles are strong. (Str +2) [potion of mutation]
 12728 | D:11     | Gained mutation: You are frail (-10% HP). [potion of mutation]
 12728 | D:11     | Lost mutation: Your muscles are strong. (Str +2) [potion of mutation]
 12746 | D:11     | Killed a centaur warrior
 12746 | D:11     | Reached skill level 11 in Summonings
 12750 | D:11     | Killed a catoblepas
 13017 | D:11     | Learned a level 5 spell: Shadow Creatures
 13089 | D:11     | Noticed a hill giant
 13104 | D:11     | Killed a hill giant
 13228 | D:11     | Found Bepewe's Jewellery Boutique.
 13304 | D:11     | Noticed a cyclops
 13312 | D:11     | Noticed a brown ugly thing
 13326 | D:11     | Killed a brown ugly thing
 13329 | D:11     | Killed a cyclops
 13526 | D:11     | Found Qoklyjuw's Food Emporium.
 13609 | D:11     | Found Caantar's Assorted Antiques.
 14064 | Lair:1   | Entered Level 1 of the Lair of Beasts
 14546 | Lair:1   | Found a dark tunnel.
 14546 | Lair:1   | Noticed a lindwurm
 14556 | Lair:1   | Killed from afar by a lindwurm

Vault maps used:
D:1:      lightli_arrival_statue_moat
D:2:      first_bread, uniq_robin, uniq_sigmund
D:3:      uniq_crazy_yiuf_cottage, uniq_iyjb
D:4:      amethyst_overflow_temple_binary
D:5:      grunt_dithmenos_smoke, nicolae_overflow_crystal_walls,
          temple_fountains, nicolae_for_you_no_charge
D:6:      black_bear_nest_1, kennysheep_vampire_church, uniq_blork_the_orc
D:8:      yredelemnul_forgotten_temple_becter, dpeg_lair_monsters,
          enter_ossuary_2
D:9:      overflow_temple_1_default
D:10:     nemelex_xobeh_ov_fountains_minmay, uniq_urug
D:11:     minmay_tri_box, serial_shops, shop, shop, shop
Temple:   circular_temple_12
Lair:1:   nicolae_volcano_entry_vermiform, serial_bayou_pond_d,
          infiniplex_staircase_pool
Ossuary:  ossuary_crypta

Action                   |  1- 3 |  4- 6 |  7- 9 | 10-12 || total
-------------------------+-------+-------+-------+-------++-------
Melee: Club              |    27 |       |       |       ||    27
       Unarmed           |     8 |       |       |       ||     8
       Whip              |    30 |       |       |       ||    30
       Dagger            |    10 |       |       |       ||    10
       Rod               |     2 |    38 |       |       ||    40
       Scythe            |       |    27 |    58 |       ||    85
       Quarterstaff      |       |    13 |     4 |       ||    17
       Halberd           |       |       |   113 |   145 ||   258
 Cast: Summon Small Mamm |    27 |       |       |       ||    27
       Call Canine Famil |     6 |    27 |    55 |    37 ||   125
       Call Imp          |       |       |    11 |       ||    11
       Summon Guardian G |       |       |     5 |    17 ||    22
       Summon Ice Beast  |       |       |    15 |    51 ||    66
       Summon Lightning  |       |       |     5 |    10 ||    15
Invok: Forget Spell      |       |       |     1 |     1 ||     2
Evoke: Rod               |     4 |     7 |     7 |     3 ||    21
  Use: Scroll            |       |     1 |     7 |     6 ||    14
       Potion            |       |       |       |     5 ||     5
 Stab: Sleeping          |     7 |     6 |     7 |     3 ||    23
       Distracted        |       |     1 |     1 |    10 ||    12
  Eat: Chunk             |     5 |    13 |    18 |    10 ||    46
       Bread ration      |       |       |     1 |     3 ||     4
       Royal jelly       |       |       |     1 |     2 ||     3
       Pizza             |       |       |       |     1 ||     1
